 Dungeon Crawl Stone Soup version 0.28.0-43-g3370ac3207 (webtiles) character file.

Game seed: 1467996219865905619

3718 styxcanada the Covert (level 9, -1/42 (45) HPs)
             Began as a Spriggan Brigand on Mar 25, 2022.
             Was an Initiate of Gozag.
             Killed by an exploding orc warrior (17 damage)
             ... ignited by their inner flame
             ... on level 8 of the Dungeon.
             The game lasted 00:48:32 (10632 turns).

styxcanada the Covert (Spriggan Brigand)           Turns: 10632, Time: 00:48:33

HP:   -1/42 (45)    AC: 11    Str:  7    XL:     9   Next: 92%
MP:   10/10         EV: 24    Int: 13    God:    Gozag
Gold: 95            SH:  0    Dex: 20    Spells: 8/8 levels left

rFire   . . .      SeeInvis +   f - +2 dagger (protect)
rCold   + . .      Faith    .   (no shield)
rNeg    . . .      Spirit   .   b - +0 robe
rPois   .          Reflect  .   (helmet restricted)
rElec   .          Harm     .   c - +1 cloak
rCorr   +          Rampage  .   (gloves unavailable)
Will    +....                   (boots unavailable)
Stlth   ++++++....              D - amulet of regeneration
HPRegen 0.94/turn               j - ring of protection from cold
MPRegen 0.12/turn               B - ring of resist corrosion

@: gold aura, under a protective aura, drained, very quick
A: very small, no large weapons, unfitting armour, see invisible, speed 3
a: Renounce Religion, Potion Petition, Call Merchant, Bribe Branch


You were on level 8 of the Dungeon.
You worshipped Gozag.
Gozag was noncommittal.
You visited 2 branches of the dungeon, and saw 9 of its levels.
You also visited: Sewer and Ossuary.

You collected 471 gold pieces.
You spent 250 gold pieces at shops.
You paid 126 gold pieces to Gozag.

Inventory:

Hand Weapons
 a - a +2 dagger of chaos
 f - a +2 dagger of protection (weapon)
 i - a +3 quarterstaff of chaos
 n - a +0 hunting sling
 w - a +0 dagger of electrocution
 N - a +0 scimitar of flaming
Missiles
 d - 3 poisoned darts
 e - 3 curare-tipped darts (quivered)
 h - 241 stones
 k - 28 sling bullets
 s - 9 boomerangs
 A - 2 atropa-tipped darts
Armour
 b - a +0 robe (worn)
 c - a +1 cloak (worn)
Magical Staves
 g - a staff of poison
Jewellery
 j - a ring of protection from cold (left hand)
 r - a +6 ring of intelligence
 B - a ring of resist corrosion (right hand)
 D - an amulet of regeneration (around neck)
 I - a ring of magical power
 M - a ring of magical power
Wands
 y - a wand of paralysis (1)
Scrolls
 o - a scroll of magic mapping
 u - a scroll of immolation
 C - a scroll of brand weapon
 G - 2 scrolls of teleportation
 H - a scroll of blinking
 J - 3 scrolls of identify
Potions
 l - 6 potions of haste
 m - a potion of lignification
 q - 2 potions of brilliance
 t - a potion of heal wounds
 v - 5 potions of curing
 x - a potion of ambrosia
 z - 2 potions of resistance
 E - 2 potions of might
 F - 3 potions of invisibility
 K - 2 potions of magic
 L - a potion of berserk rage


   Skills:
 + Level 3.7 Fighting
 + Level 5.9 Short Blades
 + Level 1.9(3.5) Slings
 + Level 3.7(3.9) Throwing
 * Level 9.3 Dodging
 * Level 14.7 Stealth
 * Level 4.9 Evocations


You had 8 spell levels left.
You didn't know any spells.
Your spell library contained the following spells:

 Spells                   Type           Power      Damage    Failure   Level
 Beastly Appendage        Tmut           0%         N/A       30%         1
 Wereblood                Tmut           0%         N/A       43%         2
 Spider Form              Tmut/Pois      0%         N/A       67%         3


Dungeon Overview and Level Annotations

Branches:
Dungeon (8/15)             Temple (1/1) D:7           Sewer (visited)
Ossuary (visited)
   Lair: D:8-11

Altars:
Ashenzari
Cheibriados
Dithmenos
Elyvilon
Gozag
Hepliaklqana
Makhleb
Qazlal
Ru
Sif Muna
Trog
Uskayaw
Vehumet
Wu Jian
Xom
Yredelemnul
Zin
The Shining One

Shops:
D:3 *   D:4 !

Annotations:
D:3 damiac's ghost, amateur NaTm


Innate Abilities, Weirdness & Mutations

You are very small and have problems with some larger weapons.
You are too small for most types of armour.
You have supernaturally acute eyesight. (SInv)
You cover ground extremely quickly. (Speed+++)


Message History

The wight completely misses you.
Throw: 4 darts (curare)
Press: ? - help, Q - select action, (/) - cycle Shift-Dir - straight line, f/p - wight
Aim: a wight, wielding a +0 halberd and wearing a +0 robe (inner flame, 64% to hit)
You throw a curare-tipped dart. The curare-tipped dart hits the wight.
A yak comes into view.
The yak bellows!
You hit the orc warrior but do no damage.
The wight completely misses you.
Unknown command.
You completely miss the orc warrior. Your punch misses the orc warrior.
The orc warrior completely misses you. The wight misses you.
Unknown command.
You hit the orc warrior.
Flame seeps out of the orc warrior.
The orc warrior is lightly wounded.
The wight is no longer distracted by gold.
The orc warrior is engulfed in blazing flames.
Flame seeps out of the orc warrior.
The orc warrior misses you. The wight completely misses you.
You hit the orc warrior but do no damage.
The orc warrior is lightly wounded.
The orc warrior is engulfed in blazing flames.
Flame seeps out of the orc warrior.
The orc warrior hits you with a +0 dire flail!
You hit the orc warrior.
Flame seeps out of the orc warrior.
The orc warrior is heavily wounded.
The wight completely misses you.
You hit the orc warrior but do no damage.
The orc warrior is heavily wounded.
The orc warrior is engulfed in blazing flames.
Flame seeps out of the orc warrior.
The orc warrior hits you with a +0 dire flail!
The wight closely misses you.
You hit the orc warrior but do no damage.
The orc warrior is severely wounded.
The orc warrior is engulfed in blazing flames.
The orc warrior explodes!
The fiery explosion engulfs you!
You die...
Your body crumbles into a pile of gold.

#.....#..##.##.......
#.....#..##.##.#..#.##
#.....#..#........#.#
#.....#..##.##.#..#..
#.....#........#..####
#.....#......[........$
#####.....##.##.##........
#...'........##.##z.......
#####...........@°zzo..(..
#.....##+##.##YY......
#...........##....##.#
#...........##........
#...........##..#.##.#
#........... ....... #
#........... ........
......# #..#.#.#


You could see 2 yaks, 3 wights and an orc (inner flame).

Vanquished Creatures
  Erica (D:8)
  A hornet (D:7)
  The ghost of vvl the Stinger, an amateur DsVM (D:4)
  A wraith (Ossuary)
  A vampire mosquito (D:5)
  An orc warrior (D:8)
  2 sky beasts
  2 necrophages (D:6)
  An ice beast (D:7)
  A black bear (D:4)
  A centaur (D:6)
  An ogre (D:5)
  2 phantoms
  2 bullfrogs (Sewer)
  A scorpion (D:4)
  3 water moccasin zombies (D:5)
  A wyvern skeleton (D:7)
  A water moccasin skeleton (D:4)
  5 killer bees (D:7)
  4 howler monkeys
  2 bullfrog zombies
  A centaur zombie (D:7)
  2 jellies (D:6)
  A hound (D:5)
  3 orc priests
  2 bullfrog skeletons (D:7)
  A centaur skeleton (D:4)
  Crazy Yiuf (D:3)
  3 iguanas
  A killer bee zombie (D:6)
  3 mummies (Ossuary)
  2 howler monkey zombies
  8 adders
  A howler monkey skeleton (D:5)
  A white imp (D:6)
  An adder skeleton (D:4)
  2 worms
  2 dart slugs
  20 orcs
  17 ball pythons
  18 endoplasms
  9 giant cockroaches
  3 hobgoblins
  5 kobolds
  17 quokkas
  8 bats
  6 frilled lizards (Sewer)
  4 goblins
  4 goblin zombies (Ossuary)
  2 hobgoblin zombies (Ossuary)
  4 kobold zombies (Ossuary)
  5 rats
192 creatures vanquished.

Vanquished Creatures (others)
  A fungus (D:3)
1 creature vanquished.

Grand Total: 193 creatures vanquished

Notes
Turn   | Place    | Note
-------+----------+-------------------------------------------
     0 | D:1      | styxcanada the Spriggan Brigand began the quest for the
                  | Orb.
     0 | D:1      | Reached XP level 1. HP: 10/10 MP: 2/2
    86 | D:1      | Reached skill level 6 in Stealth
   254 | D:1      | Reached XP level 2. HP: 15/15 MP: 3/3
   348 | D:1      | Found a faded altar of an unknown god.
  1192 | D:2      | Reached XP level 3. HP: 15/18 MP: 4/4
  1553 | D:2      | Reached skill level 7 in Stealth
  2459 | D:3      | Noticed a phantom
  2502 | D:3      | Reached XP level 4. HP: 16/23 MP: 5/5
  2842 | D:3      | Killed a phantom
  2843 | D:3      | Reached skill level 8 in Stealth
  2843 | D:3      | Reached XP level 5. HP: 26/26 MP: 6/6
  3023 | D:3      | Found a transporter.
  3023 | D:3      | Noticed damiac's ghost (amateur NaTm)
  3059 | D:3      | Found a transporter.
  3087 | D:3      | Found Zabbangu's Assorted Antiques.
  3095 | D:3      | Bought a fizzy white potion for 16 gold pieces
  3095 | D:3      | Bought a scroll labelled WIYCIY HAG JIOCRI for 18 gold
                  | pieces
  3095 | D:3      | Bought a scroll labelled WACASIXKOHURPH for 18 gold pieces
  3095 | D:3      | Bought a scroll labelled KEL DOTAGOUGRY for 18 gold pieces
  3095 | D:3      | Bought a metallic red potion for 16 gold pieces
  3095 | D:3      | Bought a green potion for 16 gold pieces
  3095 | D:3      | Bought a scroll labelled CALEMM GOIMEC for 18 gold pieces
  3398 | D:3      | Found a glowing silver altar of Zin.
  3480 | D:3      | Found a runed translucent door.
  3481 | D:3      | Noticed Crazy Yiuf
  3506 | D:3      | Killed Crazy Yiuf
  3681 | D:4      | Noticed a black bear
  3682 | D:4      | Killed a black bear
  3683 | D:4      | Reached XP level 6. HP: 32/32 MP: 7/7
  3690 | D:4      | Found a hide-covered altar of Uskayaw.
  3750 | D:4      | Reached skill level 9 in Stealth
  3913 | D:4      | Found a glowing drain.
  3929 | Sewer    | Entered a sewer
  4848 | Sewer    | Reached XP level 7. HP: 7/35 MP: 8/8
  5575 | D:4      | Found a transporter.
  5575 | D:4      | Noticed vvl's ghost (amateur DsVM)
  5580 | D:4      | Found a transporter.
  5599 | D:4      | Found Ynterch's Distillery.
  5943 | D:5      | Entered Level 5 of the Dungeon
  5972 | D:5      | Reached skill level 5 in Dodging
  6017 | D:5      | Reached skill level 10 in Stealth
  6095 | D:5      | Noticed a vampire mosquito
  6098 | D:5      | Killed a vampire mosquito
  6350 | D:5      | Reached XP level 8. HP: 40/40 MP: 9/9
  6495 | D:5      | Reached skill level 11 in Stealth
  6624 | D:5      | Reached skill level 1 in Evocations
  7283 | D:5      | Found a hazy altar of Hepliaklqana.
  7448 | D:6      | Reached skill level 1 in Slings
  7560 | D:6      | Reached skill level 12 in Stealth
  8196 | D:6      | Found an ornate altar of the Wu Jian Council.
  8250 | D:7      | Found a sand-covered staircase.
  8255 | Ossuary  | Entered an ossuary
  8577 | Ossuary  | Reached skill level 5 in Short Blades
  8852 | D:7      | Reached XP level 9. HP: 36/44 MP: 10/10
  8862 | D:7      | Reached skill level 13 in Stealth
  8976 | D:7      | Found a staircase to the Ecumenical Temple.
  8985 | Temple   | Entered the Ecumenical Temple
  9436 | D:7      | Found a bloodstained altar of Trog.
  9437 | D:7      | Found an opulent altar of Gozag.
  9447 | D:7      | Became a worshipper of Gozag Ym Sagoz the Greedy
  9818 | D:4      | Killed vvl's ghost
  9819 | D:4      | Reached skill level 14 in Stealth
 10417 | D:4      | Bought a potion of invisibility for 80 gold pieces
 10417 | D:4      | Bought a potion of berserk rage for 50 gold pieces
 10561 | D:8      | Noticed Erica
 10566 | D:8      | Killed Erica
 10632 | D:8      | Killed by an exploding orc warrior... ignited by their
                  | inner flame

Illustrated notes

Levels and vault maps discovered:
D:1:      tarquinn_simple_flora_water_d, layout_loops_ring,
          basic_ecumenical_altar
D:2:      layout_loops_corners, minmay_cupped
D:3:      layout_loops_corners, mainiacjoe_overflow_boulevard,
          gammafunk_ghost_arena, serial_shops, shop_fountains,
          kennysheep_crisscross, st_stairs_14, uniq_crazy_yiuf_cottage
D:4:      layout_loops_ring, nicolae_uskayaw_dance_hall,
          gammafunk_ghost_mausoleum, gup_sewer_entry_pipe, serial_shops,
          nicolae_shop_temple_entry_statues_fountains,
          corexii_item_surrounded_by_moat, dk_vineyard_2, minmay_bisected
D:5:      layout_loops_corners, mainiacjoe_overflow_alcove_4, minmay_bent
D:6:      layout_gridville, nzn_wu_jian_contemplation
D:7:      layout_loops_ring, grunt_temple_overflow_open,
          minmay_temple_entry_sparse_star, nicolae_ossuary_entry_false_entrances
D:8:      layout_basic, kennysheep_mini, kiku_gazebo_pond_becter,
          nrook_campfire, uniq_erica
Temple:   nicolae_temple_x_marks_the_god

Skill      XL: |  1  2  3  4  5  6  7  8  9 |
---------------+----------------------------+-----
Stealth        | 6 7 8 9 10 12 14 | 14.7
Fighting       | 2 3 |  3.7
Dodging        | 2 3 4 6 7 9 |  9.3
Short Blades   | 3 4 5 |  5.9
Throwing       | 3 |  3.7
Evocations     | 3 4 |  4.9
Slings         | 1 |  1.9

Action                   |  1- 3 |  4- 6 |  7- 9 || total
-------------------------+-------+-------+-------++-------
Melee: Dagger            |   109 |   334 |   417 ||   860
       Punch             |     3 |     5 |     4 ||    12
 Fire: Hunting sling     |     1 |       |    10 ||    11
Throw: Dart              |    20 |    17 |    26 ||    63
       Stone             |     3 |     3 |     3 ||     9
Evoke: Wand              |       |       |     8 ||     8
  Use: Scroll            |       |     6 |    15 ||    21
       Potion            |       |     4 |     4 ||     8
 Stab: Sleeping          |    16 |    16 |    34 ||    66
       Distracted        |       |       |     3 ||     3
       Paralysed         |       |       |     1 ||     1
Armor: Robe              |    11 |    53 |    47 ||   111
Dodge: Dodged            |    55 |   271 |   358 ||   684
